 Dungeon Crawl Stone Soup version 0.28-a0-1339-ga5422284a4 (webtiles) character file.

Game seed: 605697105436839070

62772 frimble the Timeless (level 14, 0/110 HPs)
             Began as a Demonspawn Warper on Dec 29, 2021.
             Was a High Priest of Cheibriados.
             Killed by mirror damage (55 damage)
             ... on level 14 of the Dungeon.
             The game lasted 00:28:14 (27053 turns).

frimble the Timeless (Demonspawn Warper)           Turns: 27053, Time: 00:28:15

Health: 0/110      AC: 25    Str: 26    XL:     14   Next: 65%
Magic:  18/23      EV: 13    Int: 43    God:    Cheibriados [*****.]
Gold:   1396       SH:  5    Dex: 27    Spells: 9/17 levels left

rFire   . . .      SeeInvis +   t - +7 long sword "Qidyekko" {flame, rC+ Int+4}
rCold   + . .      Faith    .   (no shield)
rNeg    + . .      Spirit   .   G - +7 chain mail of Fun and Games {rN+ Slay+3}
rPois   +          Reflect  +   M - +2 hat {Will+}
rElec   .          Harm     .   O - +1 cloak
rCorr   .          Rampage  .   y - +2 pair of gloves
Will    ++...                   B - +0 pair of boots
Stlth   ..........              p - amulet of reflection
HPRegen 0.28/turn               F - ring of poison resistance
MPRegen 0.18/turn               J - ring of see invisible

@: very slow
A: demonic guardian 2, foul stench 2, big brain 3, demonic touch 2
a: Renounce Religion, Bend Time, Temporal Distortion, Slouch, Step From Time


You were on level 14 of the Dungeon.
You worshipped Cheibriados.
Cheibriados was extremely pleased with you.
You visited 2 branches of the dungeon, and saw 20 of its levels.
You also visited: Gauntlet.

You collected 1396 gold pieces.

Inventory:

Hand Weapons
 h - a +5 dagger of draining
 t - the +7 long sword "Qidyekko" (weapon) {flame, rC+ Int+4}
   (You found it on level 5 of the Dungeon)

   It burns those it strikes, dealing additional fire damage.
   Big, fiery blades are also staple armaments of hydra-hunters.
   Int:       It affects your intelligence (+4).
   rC:        It protects you from cold.
 C - a +7 scimitar of freezing
Missiles
 b - 3 curare-tipped darts
 d - 5 boomerangs of dispersal
 e - 2 throwing nets
 j - 11 boomerangs
 q - 66 poisoned darts (quivered)
 E - 6 silver javelins
Armour
 x - a +0 kite shield
 y - a +2 pair of gloves (worn)
 z - a +0 pair of gloves
 B - a +0 pair of boots (worn)
 D - a +1 troll leather armour
 G - the +7 chain mail of Fun and Games (worn) {rN+ Slay+3}
   (You found it on level 12 of the Dungeon)

   Slay:      It affects your accuracy & damage with ranged weapons and melee
   (+3).
   rN:        It protects you from negative energy.
 M - a +2 hat of willpower (worn)
 O - a +1 cloak (worn)
Jewellery
 p - an amulet of reflection (around neck)
 s - a ring of flight
 F - a ring of poison resistance (left hand)
 J - a ring of see invisible (right hand)
 P - an amulet of magic regeneration
Wands
 i - a wand of iceblast (12)
 n - a wand of polymorph (7)
 v - a wand of flame (35)
 N - a wand of paralysis (7)
 R - a wand of mindburst (7)
Scrolls
 c - 2 scrolls of blinking
 k - 4 scrolls of amnesia
 m - 8 scrolls of teleportation
 w - 2 scrolls of enchant weapon
 A - 3 scrolls of immolation
 I - a scroll of silence
 K - 2 scrolls of fear
 Q - 2 scrolls of fog
 U - 3 scrolls of identify
Potions
 a - 5 potions of lignification
 f - 7 potions of curing
 g - 2 potions of haste
 l - 2 potions of invisibility
 o - 3 potions of heal wounds
 r - 5 potions of brilliance
 u - 2 potions of cancellation
 H - 3 potions of mutation
 L - 2 potions of resistance
 S - 2 potions of might
 T - a potion of flight


   Skills:
 - Level 10.2 Fighting
 - Level 4.2(9.3) Short Blades
 + Level 12.9(13.1) Long Blades
 - Level 0.9 Throwing
 - Level 5.1 Armour
 - Level 6.0 Dodging
 - Level 3.3 Stealth
 + Level 5.7 Shields
 - Level 2.0 Spellcasting
 - Level 7.4 Translocations
 + Level 2.2 Transmutations
 + Level 2.1 Earth Magic
 - Level 13.0 Invocations
 - Level 10.0 Evocations


You had 9 spell levels left.
You knew the following spells:

 Your Spells              Type           Power      Damage    Failure   Level
a - Blink                 Tloc           100%       N/A       1%          2
b - Statue Form           Tmut/Erth      15%        N/A       99%         6

Your spell library contained the following spells:

 Spells                   Type           Power      Damage    Failure   Level
 Apportation              Tloc           100%       N/A       1%          1
 Gell's Gravitas          Tloc           62%        N/A       1%          3
 Lesser Beckoning         Tloc           62%        N/A       1%          3
 Teleport Other           Tloc           62%        N/A       1%          3
 Portal Projectile        Hex/Tloc       72%        N/A       5%          3
 Animate Skeleton         Necr           8%         N/A       8%          1
 Shock                    Conj/Air       16%        1d4       8%          1
 Summon Small Mammal      Summ           16%        N/A       8%          1
 Manifold Assault         Tloc           62%        N/A       11%         5
 Static Discharge         Conj/Air       4%         N/A       12%         2
 Iskenderun's Mystic Bla  Conj/Tloc      36%        2d9       16%         4
 Confusing Touch          Hex            4%         N/A       22%         3
 Summon Guardian Golem    Hex/Summ       4%         N/A       22%         3
 Swiftness                Air            4%         N/A       22%         3
 Ice Form                 Ice/Tmut       13%        N/A       43%         4
 Leda's Liquefaction      Hex/Erth       6%         N/A       43%         4
 Airstrike                Air            2%         N/A       56%         4
 Summon Lightning Spire   Summ/Air       4%         N/A       56%         4
 Blade Hands              Tmut           11%        N/A       61%         5
 Lee's Rapid Deconstruct  Erth           11%        3d9*      63%         5
 Alistair's Intoxication  Tmut/Pois      8%         N/A       77%         5
 Borgnjor's Vile Clutch   Necr/Erth      6%         N/A       77%         5
 Yara's Violent Unravell  Hex/Tmut       6%         3d5       77%         5
 Excruciating Wounds      Necr           2%         N/A       88%         5
 Freezing Cloud           Conj/Ice/Air   2%         6-21      88%         5
 Lightning Bolt           Conj/Air       2%         1d13      88%         5
 Eringya's Noxious Bog    Tmut/Pois      6%         N/A       99%         6
 Death Channel            Necr           2%         N/A       100%        6
 Simulacrum               Ice/Necr       2%         N/A       100%        6
 Enfeeble                 Hex            2%         N/A       100%        7
 Haunt                    Necr/Summ      2%         N/A       100%        7
 Orb of Destruction       Conj           2%         9d1       100%        7
 Spellforged Servitor     Conj/Summ      2%         N/A       100%        7
 Storm Form               Tmut/Air       6%         N/A       100%        7
 Maxwell's Capacitive Co  Air            2%         ∞         100%        8
 Polar Vortex             Ice            2%         N/A       100%        9
 Shatter                  Erth           11%        3d12*     100%        9


Dungeon Overview and Level Annotations

Branches:
Dungeon (14/15)            Temple (0/1) D:5            Lair (6/6) D:11
  Snake (0/4) Lair:2       Spider (0/4) Lair:3        Slime (0/5) Lair:5
    Orc (0/2) D:11        Gauntlet (visited)
 Vaults: D:13-14

Altars:
Cheibriados
Hepliaklqana
Xom
Lugonu

Portals:
Abyss: Lair:6

Annotations:
Lair:1 diggie
Lair:2 1 runed translucent door, Anuemis's ghost, journeyman GrGl
Lair:4 2 transporters, exclusion: oklob plant, Piwky's ghost, journeyman TrMo
Lair:6 1 runed translucent door, of5's ghost, journeyman DsFi


Innate Abilities, Weirdness & Mutations

A demonic guardian rushes to your aid.
You sometimes emit foul miasma when damaged in melee.
You have an absolutely massive brain. (Int +6, Wiz)
Your touch may inflict irresistible damage on your foes.


Message History

You slash the centaur warrior! You burn the centaur warrior.
You kill the centaur warrior!
Cheibriados appreciates the change of pace.
Really read the scroll of immolation?
As you read the scroll of immolation, it crumbles to dust.
The creatures around you are filled with an inner flame!
Activating: Slouch (1% risk of failure)
Press: ? - help, Dir - look around, f - activate You can feel time thicken for a moment.
Flame seeps out of the skeletal warrior.
Flame seeps out of the death knight.
Cheibriados appreciates the change of pace.
Flame seeps out of the freezing wraith. x2
Cheibriados lowers the support of your attributes as your movement quickens.
The centaur explodes!
The fiery explosion engulfs the freezing wraith!!!
The freezing wraith is burned terribly!
Cheibriados thoroughly appreciates the change of pace.
The fiery explosion engulfs the death knight!!
Flame seeps out of the death knight.
The death knight is severely wounded.
The fiery explosion engulfs the freezing wraith!!!
The freezing wraith is burned terribly!
Cheibriados thoroughly appreciates the change of pace.
Cheibriados raises the support of your attributes as your movement slows.
The freezing wraith explodes! x2
The fiery explosion engulfs the skeletal warrior!!
Flame seeps out of the skeletal warrior.
The skeletal warrior is severely damaged.
Cheibriados thoroughly appreciates the change of pace.
You feel a bit more experienced.
The fiery explosion engulfs the death knight!!!
Cheibriados thoroughly appreciates the change of pace.
The death knight explodes!
The fiery explosion engulfs the skeletal warrior!
Flame seeps out of the skeletal warrior.
The skeletal warrior is almost destroyed.
Your damage is reflected back at you!
Ouch! That really hurt!
You die...

####### #.....#
#.....# #
#.$...# .#
#.....# ..#
#.....# §§§.
#))...## ○§○§#
#...)..##z○§§§#
#†<.)))@)#
#..)).##.#
###.### .# #.#
.# #.# .. #(#
## #.# #.# #.


You could see a skeletal warrior (inner flame).

Vanquished Creatures
  A minotaur (Gauntlet)
  2 boulder beetles
  An ogre mage (D:12)
  A catoblepas (Lair:3)
  A death knight (D:14)
  2 death yaks (Lair:6)
  2 hydras
  5 centaur warriors
  2 two-headed ogres
  A tengu warrior (D:12)
  4 thrashing horrors (Lair:6)
  A soul eater (Gauntlet)
  Sonja (Lair:3)
  A wizard (D:12)
  2 deep elf pyromancers
  A lindwurm (Lair:5)
  3 manticores
  4 cyclopes
  5 ugly things
  5 black mambas
  3 elephants (Lair:6)
  A gargoyle (D:14)
  2 smoke demons (Lair:6)
  6 cane toads
  Psyche (D:12)
  3 torpor snails
  2 unseen horrors (D:12)
  A rime drake (shapeshifter) (D:12)
  2 kobold demonologists
  6 rime drakes
  An efreet (D:12)
  An unseen horror (shapeshifter) (D:12)
  A yaktaur (D:12)
  2 komodo dragons
  2 freezing wraiths (D:14)
  An ancient zyme (Lair:6)
  2 trolls (D:11)
  3 meliai (D:13)
  A polar bear (Lair:6)
  A hornet (D:10)
  15 blink frogs
  Grinder (D:6)
  A blink frog (shapeshifter) (Lair:6)
  12 slime creatures
  A meliai zombie (D:7)
  2 ynoxinuls (Lair:6)
  Sigmund (D:6)
  2 shadows
  A spriggan (Lair:6)
  2 wraiths
  43 yaks
  2 wyverns (Lair:6)
  A vampire (D:13)
  2 fire elementals (Gauntlet)
  A spriggan (shapeshifter) (Lair:6)
  A water elemental (D:11)
  2 chaos spawn (Lair:6)
  3 steam dragons (D:8)
  A fire bat (D:12)
  9 basilisks
  A redback (Lair:3)
  2 wargs (Lair:2)
  3 acid dragons
  2 nagas (Lair:2)
  7 water moccasins
  A large abomination (Lair:6)
  3 hell hounds (Gauntlet)
  A floating eye (Gauntlet)
  6 small abominations (Lair:6)
  6 orc warriors
  A meliai simulacrum (D:12)
  A black bear (Lair:1)
  A sky beast (D:7)
  4 ogres
  22 wolves
  12 centaurs
  3 phantoms
  6 kobold brigands
  11 bullfrogs
  3 scorpions
  4 jellies
  A water moccasin skeleton (D:7)
  11 wights
  7 electric eels
  A bullfrog zombie (D:6)
  3 centaur zombies
  13 hounds
  5 orc priests
  A centaur skeleton (D:4)
  2 gnoll shamans (D:8)
  Jessica (D:2)
  2 iguanas
  5 hell rats (Lair:1)
  5 orc wizards
  A killer bee zombie (D:8)
  2 hound skeletons
  A mummy (D:5)
  A howler monkey zombie (D:8)
  13 gnolls
  5 adders
  3 shadow imps
  An ufetubus (D:5)
  5 worms
  2 dart slugs
  28 orcs
  7 endoplasms
  3 giant cockroaches
  9 goblins
  7 hobgoblins
  4 quokkas
  8 ball pythons
  3 bats
  5 frilled lizards
  20 kobolds
  7 rats
482 creatures vanquished.

Vanquished Creatures (collateral kills)
  A boulder beetle (D:12)
  A catoblepas (Lair:2)
  A centaur warrior (D:11)
  An ugly thing (D:14)
  An eye of devastation (Gauntlet)
  A cane toad (Lair:6)
  An efreet (Gauntlet)
  A troll (D:9)
  2 yaks
  A golden eye (Gauntlet)
  An acid dragon (shapeshifter) (D:12)
  An ogre (D:11)
  A bullfrog (D:7)
  4 gnoll sergeants (D:11)
  A gnoll (D:11)
  3 orcs
  A kobold (D:14)
23 creatures vanquished.

Vanquished Creatures (others)
  A blink frog (Lair:6)
  3 kobolds (D:8)
  27 demonic plants (Gauntlet)
  15 fungi
  22 plants
  14 withered plants (Gauntlet)
82 creatures vanquished.

Grand Total: 587 creatures vanquished

Notes
Turn   | Place    | Note
-------+----------+-------------------------------------------
     0 | D:1      | frimble the Demonspawn Warper began the quest for the Orb.
     0 | D:1      | Reached XP level 1. HP: 16/16 MP: 3/3
   111 | D:1      | Gained mutation: You have an unusually large brain. (Int
                  | +2) [demonic ancestry]
   111 | D:1      | Reached XP level 2. HP: 16/22 MP: 5/5
   114 | D:1      | Learned a level 2 spell: Blink
   983 | D:1      | Found a faded altar of an unknown god.
  1492 | D:2      | Gained mutation: You may rarely emit foul miasma when
                  | damaged in melee. [demonic ancestry]
  1492 | D:2      | Reached XP level 3. HP: 15/27 MP: 6/6
  1626 | D:2      | Noticed Jessica
  1636 | D:2      | Killed Jessica
  1637 | D:2      | Reached skill level 1 in Short Blades
  1840 | D:2      | Gained mutation: Your touch may inflict minor irresistible
                  | damage on your foes. [demonic ancestry]
  1840 | D:2      | Reached XP level 4. HP: 25/33 MP: 7/7
  2099 | D:2      | Reached skill level 1 in Stealth
  2182 | D:2      | You fall into a shaft and drop 1 floor!
  2364 | D:4      | Reached XP level 5. HP: 20/38 MP: 8/8
  2707 | D:3      | Identified the +4 scale mail of Fasegaq {Str+3}
  2800 | D:2      | Reached skill level 1 in Armour
  3086 | D:3      | Gained mutation: You have an extremely huge brain. (Int +4)
                  | [demonic ancestry]
  3086 | D:3      | Reached XP level 6. HP: 34/44 MP: 9/9
  4234 | D:5      | Entered Level 5 of the Dungeon
  4371 | D:5      | Gained mutation: A weak demonic guardian rushes to your
                  | aid. [demonic ancestry]
  4371 | D:5      | Reached XP level 7. HP: 19/50 MP: 4/10
  4866 | D:5      | Identified the +7 long sword "Qidyekko" {flame, rC+ Int+4}
  5104 | D:5      | Found a snail-covered altar of Cheibriados.
  5440 | D:5      | Found a staircase to the Ecumenical Temple.
  5612 | D:5      | Became a worshipper of Cheibriados the Contemplative
  5768 | D:6      | Reached XP level 8. HP: 34/56 MP: 9/11
  5959 | D:6      | Noticed Grinder
  5959 | D:6      | Paralysed by Grinder for 2 turns
  5968 | D:6      | Paralysed by Grinder for 2 turns
  5975 | D:6      | Paralysed by Grinder for 2 turns
  5979 | D:6      | Killed Grinder
  6270 | D:6      | Reached skill level 5 in Translocations
  6415 | D:6      | Noticed Sigmund
  6419 | D:6      | Killed Sigmund
  6420 | D:6      | Reached skill level 5 in Armour
  6942 | D:6      | Reached skill level 5 in Long Blades
  7235 | D:7      | Reached * piety under Cheibriados
  7236 | D:7      | Gained mutation: You sometimes emit foul miasma when
                  | damaged in melee. [demonic ancestry]
  7236 | D:7      | Reached XP level 9. HP: 54/62 MP: 12/12
  7695 | D:7      | Noticed a two-headed ogre
  7715 | D:7      | Killed a two-headed ogre
  7716 | D:7      | Reached skill level 5 in Fighting
  8085 | D:7      | Reached ** piety under Cheibriados
  8496 | D:8      | Gained mutation: You have an absolutely massive brain. (Int
                  | +6, Wiz) [demonic ancestry]
  8496 | D:8      | Reached XP level 10. HP: 74/74 MP: 13/13
  8746 | D:8      | Reached skill level 1 in Invocations
  9044 | D:8      | Reached skill level 2 in Invocations
  9052 | D:8      | Reached *** piety under Cheibriados
  9817 | D:9      | Reached skill level 3 in Invocations
  9952 | D:9      | Reached skill level 4 in Invocations
 10276 | D:9      | Noticed a two-headed ogre
 10288 | D:9      | Killed a two-headed ogre
 10289 | D:9      | Reached skill level 5 in Invocations
 10419 | D:9      | Found a hazy altar of Hepliaklqana.
 10566 | D:10     | Entered Level 10 of the Dungeon
 10744 | D:10     | Reached skill level 6 in Invocations
 10968 | D:10     | Reached **** piety under Cheibriados
 10974 | D:10     | Gained mutation: A demonic guardian rushes to your aid.
                  | [demonic ancestry]
 10974 | D:10     | Reached XP level 11. HP: 84/84 MP: 15/15
 11526 | D:11     | Noticed a five-headed hydra
 11532 | D:11     | Killed a two-headed hydra
 11533 | D:11     | Reached skill level 7 in Invocations
 11650 | D:11     | Noticed a centaur warrior
 11657 | D:11     | Killed a centaur warrior
 11822 | D:11     | Found a staircase to the Orcish Mines.
 11860 | D:11     | Reached skill level 1 in Evocations
 12522 | D:11     | Reached skill level 8 in Invocations
 12963 | D:11     | Reached ***** piety under Cheibriados
 13305 | D:11     | Found a staircase to the Lair.
 13734 | D:12     | Noticed Snorg
 13752 | D:12     | Noticed Snorg
 13752 | D:12     | Snorg changed into Snorg the fire bat
 13754 | D:12     | Killed Snorg the fire bat
 14351 | D:12     | Noticed Psyche
 14356 | D:12     | Killed Psyche
 14364 | D:12     | Reached skill level 9 in Invocations
 14559 | D:12     | Identified the +7 chain mail of Fun and Games {rN+ Slay+3}
 14778 | D:12     | Noticed an ogre mage
 14779 | D:12     | Noticed a boulder beetle
 14800 | D:12     | Killed a boulder beetle
 14801 | D:12     | Gained mutation: Your touch may inflict irresistible damage
                  | on your foes. [demonic ancestry]
 14801 | D:12     | Reached XP level 12. HP: 54/95 MP: 19/19
 14804 | D:12     | Killed an ogre mage
 15177 | D:12     | Noticed a tengu warrior
 15193 | D:12     | Killed a tengu warrior
 15199 | D:12     | Reached skill level 10 in Invocations
 15332 | D:12     | Reached skill level 10 in Long Blades
 15332 | D:12     | Reached skill level 5 in Evocations
 16023 | D:12     | Noticed a boulder beetle
 16054 | D:12     | Killed a boulder beetle
 16313 | D:12     | Noticed a centaur warrior
 16320 | D:12     | Killed a centaur warrior
 16338 | D:12     | Noticed a centaur warrior
 16347 | D:12     | Killed a centaur warrior
 16348 | D:12     | Reached skill level 10 in Fighting
 16759 | D:12     | Reached skill level 11 in Invocations
 16924 | Lair:1   | Entered Level 1 of the Lair of Beasts
 17030 | Lair:1   | You fall into a shaft and drop 1 floor!
 17845 | Lair:1   | Reached XP level 13. HP: 98/102 MP: 21/21
 18027 | Lair:1   | Reached skill level 12 in Invocations
 18883 | Lair:2   | Found a staircase to the Snake Pit.
 19167 | Lair:2   | Found a runed translucent door.
 19167 | Lair:2   | Found a shimmering altar of Xom.
 19167 | Lair:2   | Noticed Anuemis's ghost (journeyman GrGl)
 19357 | Lair:2   | Identified the +1 robe of Punlud {rF+}
 19730 | Lair:3   | Noticed Sonja
 19732 | Lair:3   | Killed Sonja
 19732 | Lair:3   | Reached ****** piety under Cheibriados
 19747 | Lair:3   | Found a gate leading to a gauntlet.
 19762 | Gauntlet | Entered a Gauntlet
 19762 | Gauntlet | Found a transporter.
 19762 | Gauntlet | Found a transporter.
 19896 | Gauntlet | Found a transporter.
 19896 | Gauntlet | Found a transporter.
 19905 | Gauntlet | Found a transporter.
 19928 | Gauntlet | Found a transporter.
 19930 | Gauntlet | Found a large runed translucent door.
 19931 | Gauntlet | Found a large runed translucent door.
 19932 | Gauntlet | Found a large runed translucent door.
 19932 | Gauntlet | Found a large runed translucent door.
 19933 | Gauntlet | Found a large runed translucent door.
 19933 | Gauntlet | Found a large runed translucent door.
 19933 | Gauntlet | Found a runed translucent gate.
 19933 | Gauntlet | Found a runed translucent door.
 19934 | Gauntlet | Found a large runed translucent door.
 19934 | Gauntlet | Found a transporter.
 19934 | Gauntlet | Found a runed translucent gate.
 19934 | Gauntlet | Found a transporter.
 19935 | Gauntlet | Found a large runed translucent door.
 19935 | Gauntlet | Found a runed translucent gate.
 19935 | Gauntlet | Found a runed translucent door.
 19937 | Gauntlet | Found a transporter.
 19942 | Gauntlet | Found a large runed translucent door.
 19942 | Gauntlet | Found a large runed translucent door.
 19943 | Gauntlet | Found a large runed translucent door.
 19944 | Gauntlet | Found a large runed translucent door.
 19953 | Gauntlet | Found a large runed translucent door.
 19953 | Gauntlet | Found a large runed translucent door.
 19964 | Gauntlet | Found a transporter.
 19971 | Gauntlet | Found a transporter.
 20014 | Gauntlet | Found a transporter.
 20024 | Gauntlet | Found a transporter.
 20040 | Gauntlet | Found a transporter.
 20143 | Gauntlet | Found a transporter.
 20159 | Gauntlet | Found a transporter.
 20175 | Gauntlet | Found a large runed translucent door.
 20175 | Gauntlet | Found a large runed translucent door.
 20626 | Gauntlet | Got the Tome of Earthen Stolen Souls
 20650 | Gauntlet | Reached skill level 13 in Invocations
 20705 | Gauntlet | Identified the +8 war axe of Premature Burial {freeze,
                  | rPois Int+4}
 20705 | Gauntlet | Noticed a minotaur
 20723 | Gauntlet | Killed a minotaur
 20733 | Gauntlet | Identified the +8 broad axe "Kaxenimu" {venom, rN+ rCorr
                  | SInv}
 20734 | Gauntlet | Got the Handbook of the Mutagenic Mountains
 20734 | Gauntlet | Got the Almanac of the Traveller
 20943 | Lair:3   | Found a hole to the Spider Nest.
 21269 | Lair:3   | Reached skill level 1 in Shields
 22246 | Lair:4   | Noticed Piwky's ghost (journeyman TrMo)
 22264 | Lair:4   | Found a transporter.
 22277 | Lair:4   | Found a transporter.
 22886 | Lair:5   | Found a staircase to the Slime Pits.
 23559 | Lair:6   | Entered Level 6 of the Lair of Beasts
 24087 | Lair:6   | Found a runed translucent door.
 24092 | Lair:6   | Noticed of5's ghost (journeyman DsFi)
 24240 | Lair:6   | Reached XP level 14. HP: 98/110 MP: 23/23
 24576 | Lair:6   | Reached skill level 5 in Dodging
 24700 | Lair:6   | Reached skill level 10 in Evocations
 25022 | Lair:6   | Found a corrupted altar of Lugonu.
 25022 | Lair:6   | Found a one-way gate to the infinite horrors of the Abyss.
 25417 | Lair:2   | Identified the +0 plate armour of the Undertaker {rC+ MP+9}
 26095 | D:13     | Reached skill level 5 in Shields
 26155 | D:13     | Learned a level 6 spell: Statue Form
 26416 | D:13     | Reached skill level 1 in Transmutations
 26416 | D:13     | Reached skill level 1 in Earth Magic
 27053 | D:14     | Killed by mirror damage

Illustrated notes

Levels and vault maps discovered:
D:1:      onia_arrival_mini_maze, layout_basic, ebering_ecumenical_altar_hall
D:2:      minmay_diamond_boxcup, layout_basic, serial_bayou_ford_a, uniq_jessica
D:3:      layout_loops_ring
D:4:      layout_gridville, minmay_misc_feat_nine_boxes,
          minmay_fractal_squares_diagonal_5
D:5:      layout_basic, slow_altar_1, temple_fountains, hex_medium,
          chequers_serial_rivers_micro_c
D:6:      layout_loops_corners, uniq_sigmund, uniq_grinder
D:7:      minmay_recursive_quarters, layout_basic
D:8:      layout_rooms
D:9:      layout_rooms, mainiacjoe_overflow_24_doors
D:10:     layout_irregular_city
D:11:     layout_basic, erik_lair_island, kennysheep_orc_monster_closet_entryway
D:12:     minmay_swirls_squares, layout_irregular_city, serial_co_window_serial,
          co_window_paths_a, co_window_of_opportunity_a, co_window_corner_a,
          co_window_corner_a, co_window_paths_b, co_window_corner_b,
          co_window_unsneaky_path_c, co_window_broadway_c, co_window_corner_ca,
          glass_columns_a, glass_columns_a, glass_columns_b, glass_columns_a,
          glass_columns_b, uniq_psyche, uniq_snorg
D:13:     layout_loops_cross
D:14:     layout_rooms, erik_vaults_2, grunt_dithmenos_smoke, uniq_azrael
Lair:1:   statuecave_lemuel, layout_cave_pods, st_stairs_12,
          eino_small_chamber_without_monster, grunt_megastairs_4
Lair:2:   beast_lair_carwin_large_4, layout_gridlike,
          guppyfry_snake_entry_island, ebering_ghost_xom
Lair:3:   layout_hall_layers, spider_nest_entry_webs, gauntlet_entry_generic,
          infiniplex_staircase_pool_2, serial_bayou_shore_a, uniq_sonja
Lair:4:   layout_long_grid, nzn_ghost_randoct
Lair:5:   layout_cave_pods, dpeg_slime_entry_corner
Lair:6:   hellmonk_lair_end_abyssal_woods, layout_gridlike,
          ebering_ghost_inner_flame

Skill      XL: |  1  2  3  4  5  6  7  8  9 10 11 12 13 14 |
---------------+-------------------------------------------+-----
Long Blades    | 2 3 5 6 8 9 10 12 | 12.9
Dodging        | 2 4 6 |  6.0
Short Blades   | 1 2 3 4 |  4.2
Stealth        | 2 3 |  3.3
Armour         | 1 2 3 5 |  5.1
Translocations | 3 4 5 7 |  7.4
Fighting       | 5 7 9 10 | 10.2
Invocations    | 6 9 11 13 | 13.0
Evocations     | 4 7 9 10 | 10.0
Shields        | 3 5 |  5.7
Transmutations | 2 |  2.2
Earth Magic    | 2 |  2.1
Throwing       | |  0.9
Spellcasting   | |  2.0

Action                   |  1- 3 |  4- 6 |  7- 9 | 10-12 | 13-15 || total
-------------------------+-------+-------+-------+-------+-------++-------
Melee: Falchion          |    58 |       |       |       |       ||    58
       Dagger            |    33 |   160 |    35 |       |     5 ||   233
       Touch             |       |    29 |    30 |   106 |   133 ||   298
       Long sword        |       |       |   131 |   454 |   507 ||  1092
Throw: Dart              |       |     3 |    10 |    38 |     6 ||    57
 Cast: Blink             |       |     2 |     2 |    14 |     3 ||    21
Invok: Slouch            |       |       |       |     4 |     7 ||    11
Evoke: Wand              |       |       |       |    29 |     7 ||    36
  Use: Scroll            |     2 |     4 |     7 |     7 |     8 ||    28
       Potion            |       |       |     3 |     3 |     5 ||    11
 Stab: Sleeping          |     1 |       |       |     1 |       ||     2
       Invisible         |       |       |       |       |     2 ||     2
       Distracted        |       |       |       |       |     1 ||     1
Armor: Leather armour    |    25 |     9 |       |       |       ||    34
       Scale mail        |       |    47 |   120 |   197 |       ||   364
       Chain mail        |       |       |       |   127 |   320 ||   447
Dodge: Dodged            |    60 |    67 |   103 |   286 |   252 ||   768
Block: Other             |       |       |    33 |   112 |    96 ||   241
       Reflection        |       |       |     3 |     7 |     5 ||    15

Table legend: (Time is in decaauts)
 A = Elapsed time spent in this place.
 B = Non-inter-level travel time spent in this place.
 C = Inter-level travel time spent in this place.
 D = Time resting spent in this place.
 E = Time spent auto-exploring this place.
 F = Levels seen in this place.
 G = Mean time per level.
                   A        B        C        D        E       F      G
               +--------+--------+--------+--------+--------+-----+--------+
         Total |  35275 |  33543 |   1732 |    732 |  28597 |  21 | 1679.8 |
       Dungeon |  22036 |  21088 |    948 |    732 |  17712 |  14 | 1574.0 |
          Lair |  11820 |  11037 |    783 |      0 |   9880 |   6 | 1970.0 |
      Gauntlet |   1418 |   1418 |      0 |      0 |   1005 |   1 | 1418.0 |
               +--------+--------+--------+--------+--------+-----+--------+

Top non-repeatable levels by time:
    D:12: 4412 daAuts
    D:11: 2636 daAuts
  Lair:6: 2515 daAuts
  Lair:1: 2271 daAuts
  Lair:2: 2106 daAuts
  Lair:5: 1807 daAuts
     D:6: 1804 daAuts
  Lair:3: 1751 daAuts
    D:13: 1667 daAuts
     D:7: 1490 daAuts
     D:1: 1484 daAuts
     D:5: 1454 daAuts
     D:8: 1440 daAuts
Gauntlet: 1418 daAuts
    D:10: 1408 daAuts
